 Dungeon Crawl Stone Soup version 0.30-a0-469-g84de5afbc5 (webtiles) character file.

Game seed: 5861286447028957684

3287 Coaxmetal the Scholar of Death (level 9, -9/32 (52) HPs)
             Began as a Deep Elf Necromancer on Dec 20, 2022.
             Was a Follower of Kikubaaqudgha.
             Mangled by a death yak (17 damage)
             ... on level 9 of the Dungeon.
             The game lasted 00:22:30 (8606 turns).

Coaxmetal the Scholar of Death (DENe)               Turns: 8606, Time: 00:22:30

HP:   -9/32 (52)    AC:  7    Str: 11    XL:     9   Next: 69%
MP:   6/21          EV: 17    Int: 23    God:    Kikubaaqudgha [*.....]
Gold: 313           SH:  0    Dex: 15    Spells: 9/22 levels left

rFire   . . .      SeeInvis .    o - +1 short sword (venom)
rCold   . . .      Faith    .    (no shield)
rNeg    . . .      Spirit   .    B - +0 troll leather armour {Pargi}
rPois   .          Reflect  .    (no helmet)
rElec   .          Harm     .    L - +2 cloak
rCorr   .          Rampage  .    (no gloves)
Will    .....                    (no boots)
Stlth   ++++......               (no amulet)
HPRegen 1.05/turn                v - +6 ring of strength
MPRegen 0.17/turn                w - +4 ring of evasion

@: mighty, about to teleport, weak-willed, very heavily drained
A: dopey 1
a: Renounce Religion, Unearth Wretches


You were on level 9 of the Dungeon.
You worshipped Kikubaaqudgha.
Kikubaaqudgha was aware of your devotion.
You visited 1 branch of the dungeon, and saw 9 of its levels.
You also visited: Sewer.

You collected 573 gold pieces.
You spent 260 gold pieces at shops.

Inventory:

Hand Weapons
 g - a +0 dagger
 o - a +1 short sword of venom (weapon)
 J - a +1 antimagic dagger
Missiles
 x - 3 silver javelins (quivered)
Armour
 B - a +0 troll leather armour (worn) {Pargi}
 L - a +2 cloak (worn)
Jewellery
 d - a ring of magical power
 m - a ring of flight
 p - an amulet of guardian spirit
 u - a ring of see invisible
 v - a +6 ring of strength (left hand)
 w - a +4 ring of evasion (right hand)
 C - an amulet of reflection
Wands
 a - a wand of quicksilver (8)
 b - a wand of charming (10)
 E - a wand of digging (5)
 K - a wand of iceblast (19)
Scrolls
 c - 6 scrolls of identify
 j - a scroll of immolation
 k - a scroll of fog {unknown}
 l - 2 scrolls of teleportation
 y - a scroll of brand weapon {unknown}
 z - a scroll of enchant weapon {unknown}
 D - 4 scrolls of enchant armour
 F - a scroll of noise {unknown}
 H - a scroll of poison {unknown}
 I - a scroll of blinking {unknown}
Potions
 e - 2 potions of brilliance {unknown}
 h - 2 potions of curing
 n - a potion of cancellation {unknown}
 q - 2 potions of mutation
 s - a potion of attraction {unknown}
 t - 6 potions of degeneration {unknown}
 A - 3 potions of haste {unknown}
 G - a potion of flight {unknown}


   Skills:
 - Level 4.0 Fighting
 - Level 5.0 Short Blades
 + Level 4.5 Dodging
 - Level 8.0 Stealth
 + Level 7.3 Spellcasting
 + Level 1.3 Hexes
 + Level 10.6 Necromancy
 + Level 1.2 Ice Magic


You had 9 spell levels left.
You knew the following spells:

 Your Spells              Type           Power      Damage    Failure   Level
a - Necrotise             Necr           100%       1d9       1%          1
b - Vampiric Draining     Necr           55%        2d9       1%          3
c - Animate Dead          Necr           55%        N/A       1%          4
d - Ensorcelled Hibernat  Hex/Ice        28%        N/A       9%          2
e - Swiftness             Air            8%         N/A       30%         3

Your spell library contained the following spells:

 Spells                   Type           Power      Damage    Failure   Level
 Sublimation of Blood     Necr           55%        N/A       1%          2
 Agony                    Necr           55%        N/A       3%          5
 Beastly Appendage        Tmut           16%        N/A       10%         1
 Sandblast                Erth           16%        2d6       10%         1
 Passwall                 Tmut/Erth      6%         N/A       16%         2
 Wereblood                Tmut           8%         N/A       16%         2
 Spider Form              Tmut/Pois      8%         N/A       30%         3
 Stone Arrow              Conj/Erth      16%        3d8       30%         3


Dungeon Overview and Level Annotations

Branches:
Dungeon (9/15)             Temple (0/1) D:7           Sewer (visited)
   Lair: D:8-11         Orc: D:9-12

Altars:
Ashenzari
Cheibriados
Dithmenos
Hepliaklqana
Kikubaaqudgha
Okawaru
Ru
Uskayaw
Wu Jian
Yredelemnul
Zin
The Shining One

Shops:
D:8 :

Annotations:
D:4 1 runed translucent door


Innate Abilities, Weirdness & Mutations

You are dopey. (Int -2)


Message History

You closely miss the howler monkey. You punch the howler monkey.
You kill the howler monkey!
Kikubaaqudgha accepts your kill.
The orc warrior unwields a +0 flail.
The orc warrior wields a +0 arbalest.
The orc warrior shoots a bolt.
The bolt hits you but does no damage. The death yak barely misses you.
Unknown command.
Casting: Vampiric Draining (safe; 1% risk of failure)
Confirm with . or Enter, or press ? or * to list all spells.
Aiming: Vampiric Draining (safe; 1% risk of failure)
Press: ? - help, Shift-Dir - straight line, f - orc wizard
Aim: an orc wizard, wielding a +0 dagger and wearing a +0 robe (heavily wounded)
Okay, then.
You puncture the orc wizard!
You kill the orc wizard!
Kikubaaqudgha accepts your kill.
The howler monkey hoots and howls with incredible vigour! x2
The death yak misses you.
Casting: Vampiric Draining (safe; 1% risk of failure)
Confirm with . or Enter, or press ? or * to list all spells.
Okay, then.
As you read the scroll labelled VAHOUDIAMA, it crumbles to dust.
The creatures around you are filled with an inner flame!
It was a scroll of immolation.
The howler monkey hoots and howls with incredible vigour!
The death yak gores you!
You feel much better. The death yak gores you!!
Ouch! That really hurt!
* * * LOW HITPOINT WARNING * * *
The death yak misses you.
Okay, then.
As you read the scroll labelled KID GUNNUEGOCO, it crumbles to dust.
You feel strangely unstable.
It was a scroll of teleportation.
The death yak closely misses you. x2
As you read the scroll labelled RONOG ASOOCAXE, it crumbles to dust.
Magic quickly surges around you.
It was a scroll of vulnerability.
The death yak gores you!
Ouch! That really hurt!
You die...
Kikubaaqudgha rasps: "You have failed me!
Welcome... death!"

#.................
#.................
#.................
###........<........
#...###############.
##..Y..Y.....o....#
#.......)..Yoo...#
#...hoo.).hYYYYh.#
##########)###@###
###Y###Y# #....#OY#
#....'..# ###.#####
#.# #.. #.. #..


You could see 7 death yaks, a two-headed ogre (weak-willed), an orc warrior
(inner flame, weak-willed), 2 howler monkeys and 2 orcs.

Vanquished Creatures
  Pikel (D:7)
  A steam dragon (D:8)
  Pargi (Sewer)
  An ice beast (D:7)
  A sky beast (D:6)
  2 ogres
  A centaur (D:5)
  A lemure (D:6)
  4 phantoms
  2 necrophages
  4 bullfrogs
  A gnoll sergeant (D:8)
  3 scorpions
  3 wights
  A killer bee (D:8)
  3 howler monkeys
  3 hounds
  A gnoll bouda (D:4)
  An orc priest (D:9)
  A jelly (D:6)
  Crazy Yiuf (D:7)
  Jessica (D:2)
  6 orc wizards
  7 adders
  18 gnolls
  2 shadow imps (D:6)
  A white imp (D:5)
  An ufetubus (D:6)
  A worm (D:3)
  3 dart slugs
  18 orcs
  10 endoplasms
  7 giant cockroaches
  8 goblins
  8 hobgoblins
  5 jackals
  6 quokkas
  5 ball pythons
  A bat (D:2)
  3 frilled lizards
  6 kobolds
  5 rats
159 creatures vanquished.

Vanquished Creatures (collateral kills)
  A necrophage (D:8)
  2 killer bees (D:8)
  3 gnolls
  A shadow imp (D:8)
  6 orcs
  An endoplasm (D:1)
  A goblin (D:3)
  2 frilled lizards (Sewer)
  A rat (D:2)
18 creatures vanquished.

Vanquished Creatures (others)
  2 bullfrog zombies (D:8)
  A kobold zombie (D:7)
  13 orc zombies
  A fungus (D:5)
  3 plants (D:8)
20 creatures vanquished.

Grand Total: 197 creatures vanquished

Notes
Turn   | Place    | Note
-------+----------+-------------------------------------------
     0 | D:1      | Coaxmetal the Deep Elf Necromancer began the quest for the
                  | Orb.
     0 | D:1      | Reached XP level 1. HP: 10/10 MP: 6/6
   223 | D:1      | Reached XP level 2. HP: 14/15 MP: 2/8
  1272 | D:2      | Reached XP level 3. HP: 19/19 MP: 7/10
  1334 | D:2      | Noticed Jessica
  1354 | D:2      | Killed Jessica
  1415 | D:2      | Reached skill level 5 in Spellcasting
  1415 | D:2      | Reached XP level 4. HP: 24/24 MP: 10/13
  1938 | D:3      | Found a hide-covered altar of Uskayaw.
  3000 | D:4      | Reached XP level 5. HP: 28/28 MP: 12/15
  3031 | D:4      | You fall into a shaft and drop 1 floor!
  3031 | D:5      | Entered Level 5 of the Dungeon
  3084 | D:5      | Noticed an ogre
  3092 | D:5      | Reached skill level 5 in Necromancy
  3105 | D:5      | Reached skill level 1 in Short Blades
  3380 | D:4      | Found a glowing drain.
  3396 | Sewer    | Entered a sewer
  3401 | Sewer    | Learned a level 3 spell: Vampiric Draining
  3473 | Sewer    | Reached skill level 1 in Fighting
  3524 | Sewer    | Noticed Pargi
  3533 | Sewer    | Killed Pargi
  3534 | Sewer    | Reached XP level 6. HP: 27/34 MP: 4/17
  3692 | D:4      | Noticed a human
  3693 | D:4      | Found a runed translucent door.
  3909 | D:4      | Reached skill level 5 in Stealth
  4350 | D:4      | Found a basalt altar of Yredelemnul.
  4589 | D:4      | Reached skill level 6 in Necromancy
  4600 | D:4      | Reached XP level 7. HP: 31/40 MP: 9/18
  4699 | D:5      | Found an iron altar of Okawaru.
  4809 | D:5      | Reached skill level 7 in Necromancy
  4837 | D:5      | Found an ornate altar of the Wu Jian Council.
  4888 | D:5      | Reached skill level 8 in Necromancy
  5314 | D:5      | Gained mutation: Your body sometimes deteriorates upon
                  | taking damage. [potion of mutation]
  5314 | D:5      | Gained mutation: You occasionally shout uncontrollably at
                  | your foes. [potion of mutation]
  5315 | D:5      | Lost mutation: You occasionally shout uncontrollably at
                  | your foes. [potion of mutation]
  5315 | D:5      | Lost mutation: Your body sometimes deteriorates upon taking
                  | damage. [potion of mutation]
  5315 | D:5      | Gained mutation: You are dopey. (Int -2) [potion of
                  | mutation]
  5529 | D:5      | Found an ancient bone altar of Kikubaaqudgha.
  5539 | D:5      | Became a worshipper of Kikubaaqudgha
  5627 | D:6      | Reached XP level 8. HP: 45/45 MP: 15/19
  5705 | D:6      | Found a shadowy altar of Dithmenos.
  5831 | D:6      | Reached skill level 9 in Necromancy
  5983 | D:6      | Found a glowing golden altar of the Shining One.
  6489 | D:6      | Found a glowing silver altar of Zin.
  6824 | D:7      | Noticed Pikel
  6904 | D:7      | Found a broken altar of Ashenzari.
  6919 | D:7      | Learned a level 4 spell: Animate Dead
  7001 | D:7      | Killed Pikel
  7002 | D:7      | Reached XP level 9. HP: 30/52 MP: 4/20
  7168 | D:7      | Your ally Pikel died
  7261 | D:7      | Found a snail-covered altar of Cheibriados.
  7263 | D:7      | Found a sacrificial altar of Ru.
  7346 | D:7      | Reached skill level 10 in Necromancy
  7440 | D:7      | Reached * piety under Kikubaaqudgha
  7440 | D:7      | Received a gift from Kikubaaqudgha
  7465 | D:7      | Found a runed translucent door.
  7466 | D:7      | Noticed Crazy Yiuf
  7483 | D:7      | Found a staircase to the Ecumenical Temple.
  7632 | D:7      | Killed Crazy Yiuf
  8042 | D:8      | Found Kinas's Book Boutique.
  8049 | D:8      | Bought a book of Burglary for 260 gold pieces
  8052 | D:8      | Learned a level 2 spell: Ensorcelled Hibernation
  8056 | D:8      | Learned a level 3 spell: Swiftness
  8072 | D:8      | Found a hazy altar of Hepliaklqana.
  8119 | D:8      | Found a flagged portal.
  8119 | D:8      | Identified the +12 spear "Dyurov" {drain, SInv}
  8254 | D:8      | Reached skill level 5 in Short Blades
  8578 | D:9      | Noticed a two-headed ogre
  8580 | D:9      | Noticed a death yak
  8582 | D:9      | Noticed a death yak
  8585 | D:9      | Noticed a death yak
  8587 | D:9      | Reached skill level 1 in Hexes
  8587 | D:9      | Reached skill level 1 in Ice Magic
  8588 | D:9      | Noticed a death yak
  8598 | D:9      | Noticed a death yak
  8598 | D:9      | Noticed a death yak
  8599 | D:9      | Noticed a death yak
  8606 | D:9      | Mangled by a death yak

Illustrated notes

Levels and vault maps discovered:
D:1:      ncdulo_lavacross, layout_loops_ring
D:2:      layout_loops_ring, uniq_jessica
D:3:      layout_basic, mainiacjoe_overflow_alcove_4
D:4:      layout_loops_corners, dk_yredelemnul_ordeal, gup_sewer_entry_pipe,
          corexii_shack, corexii_shack, st_stairs_1, nrook_uturn,
          item_on_display_a
D:5:      layout_loops_ring, mainiacjoe_overflow_small_starburst,
          lemuel_round_altar, kiku_gazebo_pond_becter, serial_aquarium,
          aquarium_bridge_square [aquarium_subvault_bridge,
          aquarium_subvault_wall, aquarium_subvault_window,
          aquarium_subvault_balcony], aquarium_window_corridor_1,
          aquarium_window_corner, aquarium_view_2b, aquarium_view_2c,
          kennysheep_nub, serial_bayou_crossing
D:6:      layout_layer_cave, nicolae_dithmenos_shadow_blocks, zin_academy,
          nicolae_tso_swordbearing_angel, minmay_misc_feat_five
D:7:      layout_cave_pools, ashenzari_altar_1,
          gammafunk_temple_overflow_statue, minmay_temple_entry_junction,
          skrybe_limestone_x, kennysheep_generic_room_8,
          uniq_crazy_yiuf_cottage, uniq_pikel
D:8:      layout_cave_pools, nicolae_hepliaklqana_hazy_memory, serial_shops,
          nicolae_shop_waterfront, enter_bailey_2, minmay_misc_feat_rugged,
          chequers_serial_rivers_small_3
D:9:      layout_gridville, dpeg_lair_monsters, uniq_maurice

Skill      XL: |  1  2  3  4  5  6  7  8  9 |
---------------+----------------------------+-----
Stealth        | 3 4 5 6 7 8 |  8.0
Spellcasting   | 4 5 6 7 |  7.3
Necromancy     | 5 6 8 9 10 | 10.6
Short Blades   | 1 2 4 5 |  5.0
Fighting       | 1 2 4 |  4.0
Dodging        | 4 |  4.5
Hexes          | 1 |  1.3
Ice Magic      | 1 |  1.2

Action                   |  1- 3 |  4- 6 |  7- 9 || total
-------------------------+-------+-------+-------++-------
Melee: Dagger            |     6 |       |       ||     6
       Short sword       |       |    61 |   331 ||   392
       Punch             |       |     2 |     4 ||     6
Throw: Javelin           |       |       |     3 ||     3
 Cast: Necrotise         |    45 |   112 |    94 ||   251
       Vampiric Draining |       |     9 |    36 ||    45
       Animate Dead      |       |       |     4 ||     4
       Ensorcelled Hiber |       |       |     3 ||     3
  Use: Potion            |       |       |     8 ||     8
       Scroll            |       |       |     4 ||     4
 Stab: Sleeping          |     2 |     2 |     2 ||     6
       Distracted        |       |       |     3 ||     3
Armor: Robe              |     4 |     6 |       ||    10
       Troll leather arm |       |    12 |    87 ||    99
Dodge: Dodged            |     7 |    66 |   276 ||   349

Table legend: (Time is in decaauts)
 A = Elapsed time spent in this place.
 B = Non-inter-level travel time spent in this place.
 C = Inter-level travel time spent in this place.
 D = Time resting spent in this place.
 E = Time spent auto-exploring this place.
 F = Levels seen in this place.
 G = Mean time per level.
                   A        B        C        D        E       F      G
               +--------+--------+--------+--------+--------+-----+--------+
         Total |   8662 |   8401 |    261 |    885 |   5795 |  10 |  866.2 |
       Dungeon |   8470 |   8209 |    261 |    885 |   5683 |   9 |  941.1 |
         Sewer |    192 |    192 |      0 |      0 |    111 |   1 |  192.0 |
               +--------+--------+--------+--------+--------+-----+--------+

Top non-repeatable levels by time:
     D:4: 1527 daAuts
     D:6: 1310 daAuts
     D:3: 1194 daAuts
     D:5: 1012 daAuts
     D:7: 945 daAuts
     D:1: 912 daAuts
     D:2: 749 daAuts
     D:8: 732 daAuts
   Sewer: 192 daAuts
     D:9: 85 daAuts
